 Dungeon Crawl Stone Soup version 0.19.0-19-g8c6edcc (webtiles) character file.

32 Chiseanne the Vexing (level 3, -3/27 HPs)
             Began as a Vine Stalker Arcane Marksman on Nov 14, 2016.
             Slain by an adder (4 damage)
             ... on level 2 of the Dungeon.
             The game lasted 00:03:40 (1690 turns).

Chiseanne the Vexing (Vine Stalker Arcane Marksman) Turns: 1690, Time: 00:03:40

Health: -3/27      AC:  2    Str: 18    XL:     3   Next: 27%
Magic:  0/5        EV: 12    Int: 13    God:
Gold:   49         SH:  0    Dex: 14    Spells: 1 memorised, 3 levels left

rFire  . . .     SeeInvis .     l - +1 spear
rCold  . . .     Gourm    .     a - +0 robe
rNeg   . . .     Faith    .     (no shield)
rPois  .         Spirit   +     (no helmet)
rElec  .         Reflect  .     (no cloak)
rCorr  .         Harm     .     (no gloves)
MR     .....                    (no boots)
Stlth  ..........               (no amulet)
                                (no ring)
                                (no ring)

@: berserking, lethally poisoned (-3 -> -13), very quick
A: fangs 2, magic shield, antimagic bite, no device heal 3, rot immunity
a: no special abilities


You were on level 2 of the Dungeon.
You were not hungry.

You visited 1 branch of the dungeon, and saw 2 of its levels.

You collected 49 gold pieces.

Inventory:

Hand Weapons
 l - a +1 spear (weapon)
Missiles
 c - 5 javelins (quivered)
 d - 2 throwing nets
 h - 40 stones
 j - 22 bolts
 o - 11 poisoned needles
Armour
 a - a +0 robe (worn)
Scrolls
 e - a scroll of immolation {unknown}
Potions
 g - a potion of ambrosia
 m - a potion of agility {unknown}
 p - a potion of degeneration {unknown}
Books
 b - a book of Debilitation

   Spells                             Type                      Level
   a - Corona                         Hexes                        1
   b - Slow                           Hexes                        2
   c - Gell's Gravitas                Hexes/Translocation          3
   d - Inner Flame                    Hexes/Fire                   3
   e - Cause Fear                     Hexes                        4
   f - Leda's Liquefaction            Hexes/Earth                  4
Comestibles
 f - a bread ration
 r - 5 chunks of flesh


   Skills:
 * Level 1.5 Fighting
 * Level 2.4 Throwing
 * Level 2.1 Dodging
 - Level 1.1 Spellcasting
 - Level 3.0 Hexes


You had 3 spell levels left.
You knew the following spells:

 Your Spells              Type           Power        Failure   Level  Hunger
a - Corona                Hex            #......      10%         1    ##.....


Dungeon Overview and Level Annotations

Branches:
Dungeon (2/15)

Altars:


Innate Abilities, Weirdness & Mutations

You have extremely sharp teeth.
When hurt, damage is shared between your health and your magic reserves.
Your bite disrupts and absorbs the magic of your enemies.
Potions and wands cannot restore your health.
You are immune to rotting.


Message History

The adder is heavily wounded.
* * * LOW HITPOINT WARNING * * *
You feel sick. The giant cockroach misses you. The adder bites you.
* * * LOW HITPOINT WARNING * * *
You are more poisoned.
The adder poisons you!
It was a potion of berserk rage.
A red film seems to cover your vision as you go berserk!
You feel yourself moving faster!
You feel mighty!
* * * LOW HITPOINT WARNING * * *
You feel sick. The giant cockroach barely misses you. The adder misses you.
The giant cockroach barely misses you.
You closely miss the adder.
The adder is heavily wounded.
* * * LOW HITPOINT WARNING * * *
You feel sick. The adder bites you. The giant cockroach bites you.
You completely miss the adder. Your bite misses the adder.
The adder is heavily wounded.
The adder bites you.
You die...

#...........
#..........#
#..........#
#..........#
#..........#
..........#..
#.Ss....... #..@.......
#.......%..
#########..........
#................#.
######........####.####
#........†....# .#
#.....)..)....# .#
#..)..........# ..
#.............#


You could see an adder and a giant cockroach.

Vanquished Creatures
  A dart slug (D:1)
  A leopard gecko (D:1)
  A giant cockroach (D:1)
  A goblin (D:1)
  6 hobgoblins
  7 kobolds (D:1)
  4 bats (D:1)
  2 frilled lizards
  5 rats
28 creatures vanquished.

Notes
Turn   | Place    | Note
-------+----------+-------------------------------------------
     0 | D:1      | Chiseanne the Vine Stalker Arcane Marksman began the quest for the Orb.
     0 | D:1      | Reached XP level 1. HP: 9/9 MP: 3/3
    42 | D:1      | Reached skill level 1 in Fighting
   599 | D:1      | Reached XP level 2. HP: 13/14 MP: 4/4
  1316 | D:1      | Reached XP level 3. HP: 10/18 MP: 5/5
  1689 | D:2      | HP: 1/27 [poisoned by an adder]
  1690 | D:2      | Slain by an adder

Skill      XL: |  1  2 |
---------------+-------+-----
Fighting       | 1 |  1.5
Throwing       | 2 |  2.4
Dodging        | 2 |  2.1
Spellcasting   | |  1.1
Hexes          | |  3.0

Action                   || total
-------------------------++-------
Melee: Unarmed           ||    25
       Bite              ||    14
       Spear             ||    72
Throw: Javelin           ||     6
  Use: Scroll            ||     4
       Potion            ||     1
 Stab: Sleeping          ||     1
  Eat: Chunk             ||     2
Armor: Robe              ||     9
Dodge: Dodged            ||    64
